[Event "Elegant 1st Division League 2024"]
[Site "Dhaka"]
[Date "2024.07.18"]
[Round "8.20"]
[White "Ajraf, Anan"]
[Black "Jamal Uddin"]
[Result "0-1"]
[Annotator "RC"]
[ECO "B47"]
[WhiteElo "1781"]
[BlackElo "1963"]
[PlyCount "120"]
[EventDate "2024.07.10"]
[EventType "team-tourn"]
[EventCountry "BAN"]
[SourceTitle "playchess.com"]
[Source "ChessBase"]
[SourceQuality "1"]
[TimeControl "5400+30"]

1. e4 c5 2. Nf3 Nc6 3. d4 cxd4 4. Nxd4 Qc7 5. Nc3 e6 6. Be2 a6 7. O-O Nf6 8. Bg5 Be7 9. Qd2 b5 10. a3 Bb7 11. Rad1 Rc8 12. Bxf6 gxf6 13. Nxc6 Bxc6 14. f4 h5 15. Bf3 h4 16. e5 f5 17. Ne2 h3 18. g3 Bc5+ 19. Nd4 Qb7 20. Qe2 Kf8 21. Be4 Bd5 22. Bxd5 Rc7 23. Bc6 Rxc6 24. Qf3 Qb6 25. c3 d5 26. Kh1 Bxd4 27. Rxd4 Rc4 28. Rfd1 a5 29. g4 fxg4 30. Qxg4 Qd8 31. Rg1 Qh4 32. Qg3 Rxd4 33. cxd4 Qh7 34. Qe3 Qc2 35. b3 a4 36. bxa4 bxa4 37. Qe1 Qb3 38. Qg3 Ke7 39. Rc1 Rc8 40. Rg1 Rc2 41. Qh4+ Kd7 42. Qh5 Kc6 43. f5 Qe3 44. Qg4 Kb5 45. fxe6 fxe6 46. Rb1+ Kc4 47. Rg1 Rc1 48. Rxc1+ Qxc1+ 49. Qg1 Qxg1+ 50. Kxg1 Kxd4 51. Kf2 Kxe5 52. Kg3 d4 53. Kf3 Kd5 54. Ke2 e5 55. Kd3 e4+ 56. Kd2 Kc4 57. Kc2 e3 58. Kd1 d3 59. Ke1 Kc3 60. Kd1 d2 0-1

[Event "Elegant 1st Division League 2024"]
[Site "Dhaka"]
[Date "2024.07.18"]
[Round "8.21"]
[White "Mohammad, Shakil"]
[Black "Md, Eftekhar Alam"]
[Result "1-0"]
[Annotator "NA RC"]
[ECO "E20"]
[WhiteElo "1882"]
[BlackElo "2006"]
[PlyCount "124"]
[EventDate "2024.07.10"]
[EventType "team-tourn"]
[EventCountry "BAN"]
[SourceTitle "playchess.com"]
[Source "ChessBase"]
[SourceQuality "1"]
[TimeControl "5400+30"]

1. d4 Nf6 2. c4 e6 3. Nc3 Bb4 4. f3 c5 5. d5 Bxc3+ 6. bxc3 d6 7. e4 e5 8. Bd3 O-O 9. Bg5 {[%emt 0:00:44] E20: Nimzo-Indian: 4 g3 and 4 f3.} Nbd7 10. Ne2 Qe7 11. g4 h6 12. Be3 Nh7 13. h4 f6 14. Ng3 Nb6 15. a4 Bd7 16. a5 Nc8 17. Ra2 Qd8 18. Qc1 g5 $2 (18... Ne7 $16 19. Kf2 b6) 19. hxg5 hxg5 20. Rh6 $18 ({Not} 20. Rah2 Rf7 21. Qb2 Ne7 $18) 20... Kg7 21. Rah2 Rh8 22. Kf2 Ne7 23. Qh1 Qg8 24. Nh5+ Kxh6 25. Nxf6+ Kg7 26. Nxg8 Raxg8 27. Rh6 Nf6 28. Bxg5 Ng6 29. Rxh8 Rxh8 30. Qb1 Bc8 31. a6 b6 32. Kg3 Bd7 33. Qc1 Nh7 34. Bh6+ Kf7 35. Bc2 Nf6 36. Bg5 Nh7 37. Be3 Nf6 38. Qf1 Rg8 39. Kf2 Rh8 40. Qg2 Rh4 41. Ke1 Rh8 42. Kd2 Nh4 43. Qf2 Ng6 44. Kc1 Kg7 45. Kb2 Rh3 46. Qg2 Rh8 47. Bg5 Nh7 48. Be3 Nf6 49. Ka3 Nh4 50. Qg3 Ng6 51. Ba4 Bc8 52. Bc2 Bxa6 53. f4 Bxc4 54. f5 Ne7 55. g5 Nh5 56. Qg4 Kf8 57. f6 Ng6 58. Qc8+ Kf7 59. Qe6+ Kf8 60. Qxd6+ Kg8 61. Qe6+ Kf8 62. Ba4 b5 1-0

[Event "Elegant 1st Division League 2024"]
[Site "Dhaka"]
[Date "2024.07.18"]
[Round "8.22"]
[White "Mahindrakar Indrajeet"]
[Black "Hrishin, Talukder"]
[Result "1-0"]
[Annotator "RC"]
[ECO "A47"]
[WhiteElo "2129"]
[BlackElo "1982"]
[PlyCount "63"]
[EventDate "2024.07.10"]
[EventType "team-tourn"]
[EventCountry "BAN"]
[SourceTitle "playchess.com"]
[Source "ChessBase"]
[SourceQuality "1"]
[TimeControl "5400+30"]

1. d4 Nf6 2. Nf3 c5 3. e3 g6 4. Nbd2 Bg7 5. Bd3 b6 6. b3 Bb7 7. Bb2 O-O 8. O-O Nc6 9. a3 d6 10. Ra2 cxd4 11. exd4 Nh5 12. Re1 Nf4 13. Bf1 Qd7 14. Ne4 Rad8 15. Ng3 h5 16. d5 Ne5 17. c4 Nxf3+ 18. Qxf3 Bxb2 19. Rxb2 e5 20. Ne4 Qf5 21. a4 g5 22. Qe3 f6 23. a5 Bc8 24. axb6 axb6 25. Qxb6 h4 26. Ra2 g4 27. Nxd6 Rxd6 28. Qxd6 h3 29. g3 Nd3 30. Re3 Nc1 31. Ra1 Qc2 32. Qa3 1-0

[Event "Elegant 1st Division League 2024"]
[Site "Dhaka"]
[Date "2024.07.18"]
[Round "8.24"]
[White "Md, Azmaeen Parvez Sayor"]
[Black "Mohammed, Shaker Ullah"]
[Result "1/2-1/2"]
[Annotator "RC"]
[ECO "D45"]
[WhiteElo "1969"]
[BlackElo "2018"]
[PlyCount "40"]
[EventDate "2024.07.10"]
[EventType "team-tourn"]
[EventCountry "BAN"]
[SourceTitle "playchess.com"]
[Source "ChessBase"]
[SourceQuality "1"]
[TimeControl "5400+30"]

1. d4 d5 2. c4 c6 3. Nc3 Nf6 4. e3 e6 5. Nf3 Nbd7 6. Be2 Bd6 7. O-O dxc4 8. a4 O-O 9. Nd2 Bc7 10. Nxc4 e5 11. a5 exd4 12. Qxd4 Qe7 13. b3 Rd8 14. Ba3 Qe6 15. Rad1 Qe8 16. Bc1 Qe6 17. Ba3 Qe8 18. Bc1 Qe6 19. Ba3 Qe8 20. Bc1 Qe6 1/2-1/2